 Dungeon Crawl Stone Soup version 0.20.0-10-g0535bb4 (webtiles) character file.

3203 Laraso the Grappler (level 9, -4/114 HPs)
             Began as a Troll Hunter on June 6, 2017.
             Was an Initiate of Okawaru.
             Slain by a hog (5 damage)
             ... on level 8 of the Dungeon.
             The game lasted 00:09:19 (6158 turns).

Laraso the Grappler (Troll Hunter)                  Turns: 6158, Time: 00:09:20

Health: -4/114     AC:  7    Str: 27    XL:     9   Next: 65%
Magic:  8/8        EV: 10    Int:  4    God:    Okawaru [......]
Gold:   392        SH:  0    Dex: 13    Spells: 8/8 levels left

rFire    + . .     SeeInvis .     - Unarmed
rCold    . . .     Gourm    +   (no shield)
rNeg     . . .     Faith    .   b - +0 robe
rPois    .         Spirit   .   (helmet restricted)
rElec    .         Reflect  .   A - +1 cloak {MR+}
rCorr    .         Harm     .   (gloves unavailable)
MR       +++..     Rnd*Rage +   (boots unavailable)
Stlth    ..........             v - necklace of Bloodlust {*Rage +Rage MR++ Int-3 Slay+6 *Curse} (curse)
Regen    0.7/turn               i - ring of protection from fire
MPRegen  0.2/turn               y - ring of flight

@: berserking (expiring), very quick
A: unfitting armour, claws 3, fast metabolism 3, gourmand, regeneration 1,
shaggy fur 1, tough skin 2
a: Renounce Religion, Evoke Berserk Rage, Evoke Flight


You were on level 8 of the Dungeon.
You worshipped Okawaru.
Okawaru was noncommittal.
You were not hungry.

You visited 2 branches of the dungeon, and saw 9 of its levels.

You collected 392 gold pieces.

Inventory:

Missiles
 c - 5 large rocks (quivered)
 d - 2 throwing nets
Armour
 b - a +0 robe (worn)
 A - a +1 cloak of magic resistance (worn)
Jewellery
 i - a ring of protection from fire (left claw)
 v - the cursed necklace of Bloodlust (around neck) {*Rage +Rage MR++ Int-3 Slay+6 *Curse}
   (You found it on level 6 of the Dungeon)

   [amulet of rage]

   It affects your intelligence (-3).
   It affects your accuracy and damage with ranged weapons and melee attacks
   (+6).
   It affects your resistance to hostile enchantments.
   It lets you go berserk.
   It may make you go berserk in combat.
   It curses itself when equipped.
   It has a curse placed upon it.
 y - a ring of flight (right claw)
Wands
 g - a wand of random effects (27/48)
 k - a wand of flame (19/48)
 m - a wand of flame (26/48)
 t - a wand of flame (38/48)
 w - a wand of digging (8/24)
 x - a wand of scattershot (2/9)
 B - a wand of flame (20/48)
 C - a wand of confusion (20/48)
Scrolls
 l - a scroll of blinking
 o - 3 scrolls of remove curse
 p - 3 scrolls of teleportation
 u - a scroll of recharging
 E - a scroll of fear {unknown}
Potions
 e - 2 potions of ambrosia
 n - 3 potions of agility {unknown}
 r - a potion of resistance {unknown}
 s - a potion of magic {unknown}
 z - a potion of heal wounds {unknown}
 D - a potion of curing {unknown}
Comestibles
 f - 5 bread rations
 h - 4 royal jellies
 j - 5 fruits
 q - 2 meat rations


   Skills:
 - Level 1.5 Fighting
 - Level 3.6 Throwing
 - Level 1.5 Dodging
 - Level 0.3 Stealth
 * Level 13.1 Unarmed Combat


You had 8 spell levels left.
You didn't know any spells.

Dungeon Overview and Level Annotations

Branches:
Dungeon (8/15)             Temple (1/1) D:7
   Lair: D:8-11

Altars:
Ashenzari
Cheibriados
Dithmenos
Elyvilon
Fedhas
Gozag
Hepliaklqana
Kikubaaqudgha
Makhleb
Nemelex Xobeh
Okawaru
Qazlal
Ru
Sif Muna
Trog
Uskayaw
Vehumet
Xom
Yredelemnul
Zin
The Shining One

Shops:
D:5 [


Innate Abilities, Weirdness & Mutations

You are too large for most types of armour.
You have claws for hands.
Your metabolism is lightning-fast.
You like to eat raw meat.
Your natural rate of healing is unusually fast.
You are covered in fur. (AC +1)
You have very tough skin. (AC +2)


Message History

The electric eel shoots out a bolt of lightning at you!
The bolt of electricity hits you!
You see here a hog corpse.
A bullfrog comes into view.
The bullfrog gives a loud, deep croak!
The bullfrog swells and bulges.
The electric eel shoots out a bolt of lightning at you!
The bolt of electricity hits you!
* * * LOW HITPOINT WARNING * * *
A hog comes into view.
The bullfrog hits the plant but does no damage.
Evoke which item? (* to show all) (? for menu, Esc to quit)
Aiming: Throw Flame (will waste charges)
Press: ? - help, Shift-Dir - straight line, f - electric eel
Aim: an electric eel The puff of flame hits the electric eel.
The electric eel is lightly wounded.
The hog squeals angrily.
The bullfrog gives a loud, deep croak!
Evoking this partially-identified wand wasted a few charges.
The electric eel is engulfed in a cloud of scalding steam.
The electric eel shoots out a bolt of lightning at you!
The bolt of electricity hits you!
* * * LOW HITPOINT WARNING * * *
The bolt of electricity hits the plant.
The electric eel shoots out a bolt of lightning at you!
The bolt of electricity hits the electric eel.
The electric eel completely resists.
The bolt of electricity hits you!
* * * LOW HITPOINT WARNING * * *
A red film seems to cover your vision as you go berserk!
You feel yourself moving faster!
You feel mighty!
The bullfrog hits the plant but does no damage.
The electric eel is engulfed in a cloud of scalding steam.
You enter the shallow water.
Moving in this stuff is going to be slow.
You feel a strong urge to attack something.
The bullfrog hits the plant.
The electric eel shoots out a bolt of lightning at you!
The bolt of electricity hits you!
* * * LOW HITPOINT WARNING * * *
The bullfrog hits the plant but does no damage.
You see here a hog corpse.
You mangle the electric eel!!
You kill the electric eel!
Okawaru accepts your kill. The hog bites you.
* * * LOW HITPOINT WARNING * * *
The electric eel shoots out a bolt of lightning at you!
The bolt of electricity hits you!
* * * LOW HITPOINT WARNING * * *
The bolt of electricity hits the plant. x2
You are too berserk!
You claw the hog!
The hog is heavily wounded.
The hog bites you.
* * * LOW HITPOINT WARNING * * *
You claw the hog!
The hog is almost dead.
The bullfrog hits the plant but does no damage.
The hog bites you.
You die...

≈≈≈≈≈≈...##...##.
.≈≈≈≈≈≈...#'''#...
..≈≈≈≈≈...†........
..≈≈≈≈≈≈..........[
...................
......$............
...≈≈≈≈≈.FP...P...P
....≈≈≈≈†.P...P.P.P
....≈≈≈§§@PF..P.P.P
....≈≈≈≈≈.h.P...P.
....≈≈≈≈≈.P.P...P
+...≈≈≈;≈.P../P..
#..≈≈≈≈≈≈P.P.P.P
#.?≈≈≈≈≈≈P.P...P
#..≈≈≈≈≈.P.P.P..
...≈≈≈≈........


You could see a hog, 2 bullfrogs and an electric eel.

Vanquished Creatures
  The ghost of exolun the Ruffian, a novice TrAr of Lugonu (D:6)
  A hog (D:8)
  2 ice beasts
  An eye of draining (D:6)
  A phantom (D:7)
  2 sky beasts
  5 ogres
  A centaur (D:6)
  Blork the orc (D:6)
  A big kobold (D:7)
  A bullfrog (D:8)
  A scorpion (D:8)
  3 wights (D:7)
  An electric eel (D:8)
  3 howler monkeys (D:7)
  A crimson imp (D:7)
  2 bullfrog zombies
  A hound (D:4)
  Crazy Yiuf (D:4)
  6 orc priests
  A bullfrog skeleton (D:5)
  4 iguanas
  5 orc wizards
  5 worker ants
  A hound skeleton (D:4)
  A worker ant zombie (D:6)
  Robin (D:4)
  4 gnolls (D:4)
  10 adders
  2 oozes
  3 adder skeletons
  4 worms
  4 dart slugs
  5 leopard geckos
  18 orcs
  6 giant cockroaches
  15 goblins
  8 hobgoblins
  3 jackals
  10 kobolds
  2 quokkas
  12 bats
  A frilled lizard (D:2)
  7 rats
  A spectral orc (D:4)
169 creatures vanquished.

Vanquished Creatures (others)
  A goblin (D:4)
1 creature vanquished.

Grand Total: 170 creatures vanquished

Notes
Turn   | Place    | Note
-------+----------+-------------------------------------------
     0 | D:1      | Laraso the Troll Hunter began the quest for the Orb.
     0 | D:1      | Reached XP level 1. HP: 19/19 MP: 0/0
    85 | D:1      | Reached skill level 1 in Unarmed Combat
   105 | D:1      | Reached XP level 2. HP: 27/27 MP: 1/1
   224 | D:1      | Reached skill level 2 in Unarmed Combat
   470 | D:1      | Reached XP level 3. HP: 33/33 MP: 2/2
  1041 | D:1      | Reached skill level 3 in Unarmed Combat
  1545 | D:2      | Reached XP level 4. HP: 41/41 MP: 3/3
  1702 | D:3      | HP: 5/41 [orc priest/divine providence (16)]
  1707 | D:2      | Reached skill level 4 in Unarmed Combat
  1802 | D:3      | Noticed an ice beast
  1947 | D:3      | Reached XP level 5. HP: 48/48 MP: 4/4
  1954 | D:3      | HP: 19/48 [ice beast (8)]
  1955 | D:3      | Killed an ice beast
  1955 | D:3      | Reached skill level 5 in Unarmed Combat
  2083 | D:3      | Reached skill level 6 in Unarmed Combat
  2083 | D:3      | Reached XP level 6. HP: 30/55 MP: 5/5
  2163 | D:3      | Noticed a sky beast
  2185 | D:3      | Killed a sky beast
  2544 | D:4      | Reached skill level 7 in Unarmed Combat
  2624 | D:4      | Reached XP level 7. HP: 55/62 MP: 6/6
  2636 | D:4      | Found a radiant altar of Vehumet.
  2886 | D:4      | Found a runed door.
  2998 | D:4      | Noticed Crazy Yiuf
  3005 | D:4      | Killed Crazy Yiuf
  3071 | D:4      | Found a transporter.
  3273 | D:4      | Found a basalt altar of Yredelemnul.
  3299 | D:4      | Noticed Robin
  3309 | D:4      | Killed Robin
  3435 | D:4      | Reached skill level 8 in Unarmed Combat
  3594 | D:4      | Found a transporter.
  3647 | D:5      | Entered Level 5 of the Dungeon
  3742 | D:5      | Found an ancient bone altar of Kikubaaqudgha.
  3840 | D:5      | Reached skill level 9 in Unarmed Combat
  3925 | D:5      | Found Nirr's Antique Armour Shoppe.
  4016 | D:5      | Noticed a water elemental
  4017 | D:5      | Found a stormy altar of Qazlal.
  4023 | D:5      | Noticed an air elemental
  4062 | D:5      | Reached XP level 8. HP: 70/70 MP: 7/7
  4402 | D:6      | Reached skill level 10 in Unarmed Combat
  4666 | D:6      | Noticed exolun's ghost (novice TrAr)
  4674 | D:6      | Killed exolun's ghost
  4674 | D:6      | Reached skill level 11 in Unarmed Combat
  4674 | D:6      | Reached XP level 9. HP: 65/76 MP: 8/8
  4729 | D:6      | Found a radiant altar of Vehumet.
  4736 | D:6      | Found a snail-covered altar of Cheibriados.
  4738 | D:6      | Found an opulent altar of Gozag.
  4738 | D:6      | Found a white marble altar of Elyvilon.
  4740 | D:6      | Found a glowing golden altar of the Shining One.
  4757 | D:6      | Found a shimmering altar of Xom.
  4765 | D:6      | Found a stormy altar of Qazlal.
  4852 | D:6      | Noticed Blork the orc
  4860 | D:6      | Killed Blork the orc
  5073 | D:7      | Reached skill level 12 in Unarmed Combat
  5283 | D:7      | Found a staircase to the Ecumenical Temple.
  5304 | Temple   | Entered the Ecumenical Temple
  5487 | Temple   | Became a worshipper of Warmaster Okawaru
  6148 | D:8      | Reached skill level 13 in Unarmed Combat
  6152 | D:8      | HP: 24/76 [electric eel/bolt of electricity (12)]
  6156 | D:8      | HP: 1/114 [electric eel/bolt of electricity (13)]
  6158 | D:8      | Slain by a hog

Skill      XL: |  1  2  3  4  5  6  7  8  9 |
---------------+----------------------------+-----
Unarmed Combat | 1 2 3 4 6 7 9 11 13 | 13.1
Fighting       | |  1.5
Throwing       | |  3.6
Dodging        | |  1.5
Stealth        | |  0.3

Action                   |  1- 3 |  4- 6 |  7- 9 || total
-------------------------+-------+-------+-------++-------
Melee: Unarmed           |   124 |   155 |   175 ||   454
       Punch             |     1 |     3 |     9 ||    13
 Abil: Evoke Berserk Rag |       |       |     1 ||     1
Evoke: Wand              |       |       |     5 ||     5
  Use: Scroll            |     7 |       |     5 ||    12
       Potion            |       |       |     1 ||     1
 Stab: Sleeping          |     1 |     1 |     1 ||     3
  Eat: Chunk             |    20 |    10 |    25 ||    55
Armor: Robe              |    73 |    71 |    34 ||   178
Dodge: Dodged            |    78 |    84 |    58 ||   220

Table legend:
 A = Kills in this place as a percentage of kills in entire the game.
 B = Kills by you in this place as a percentage of kills by you in the entire game.
 C = Kills by friends in this place as a percentage of kills by friends in the entire game.
 D = Other kills in this place as a percentage of other kills in the entire game.
 E = Experience gained in this place as a percentage of experience gained in the entire game.
 F = Experience gained in this place divided by the number of levels of this place that you have seen.
                   A       B       C       D       E      F
               +-------+-------+-------+-------+-------+----------------------
         Total | 100.0 | 100.0 |  -nan |  -nan | 100.0 | 508.4
       Dungeon | 100.0 | 100.0 |  -nan |  -nan | 100.0 | 572.0
               +-------+-------+-------+-------+-------+----------------------

Table legend:
 A = Turns spent in this place as a percentage of turns spent in the entire game.
 B = Non-inter-level travel turns spent in this place as a percentage of non-inter-level travel turns spent in the entire game.
 C = Inter-level travel turns spent in this place as a percentage of turns spent in this place.
 D = Turns resting spent in this place as a percentage of non-inter-level travel turns spent in this place.
 E = Turns spent auto-exploring this place as a percentage of non-inter-level travel turns spent in this place.
 F = Non-inter-level travel turns spent in this place divided by the number of levels of this place that you've seen.
                   A       B       C       D       E      F
               +-------+-------+-------+-------+-------+----------------------
         Total | 100.0 | 100.0 |   0.9 |   2.0 |  13.6 | 200.4
       Dungeon |  99.2 |  99.2 |   0.8 |   2.0 |  13.1 | 223.8
        Temple |   0.8 |   0.8 |   6.7 |   0.0 |  71.4 |  14.0
               +-------+-------+-------+-------+-------+----------------------

Vault maps used:
D:1:      sevenhm_arrival_forest_fort_large_2, serial_forest,
          infiniplex_forest_straight_2, infiniplex_forest_straight_3,
          infiniplex_forest_straight_3, infiniplex_forest_clump_medium,
          infiniplex_forest_clump_curved, infiniplex_forest_3_way,
          roderic_lattice_a
D:4:      gammafunk_wand_slinger, yredelemnul_forgotten_temple_becter,
          minmay_ruined_shrine, uniq_robin, uniq_crazy_yiuf_cottage
D:5:      lemuel_round_altar, first_bread, serial_shops, shop,
          nicolae_qazlal_style_of_elements
D:6:      grunt_temple_overflow_octagram, dk_noncrumbling_4,
          kennysheep_generic_room_11, uniq_blork_the_orc
D:7:      temple_fountains
D:8:      kennysheep_town
Temple:   minmay_temple_bridge_abc
